 Dungeon Crawl Stone Soup version 0.24.0-1-gfbc8707122 (webtiles) character file.

Game seed: 2569771275923086913, levelgen mode: deterministic

12254 MTVSty1e the Severer (level 11, -3/89 HPs)
             Began as a Minotaur Fighter on Oct 28, 2019.
             Was the Champion of Okawaru.
             Slain by a death yak (10 damage)
             ... on level 10 of the Dungeon.
             The game lasted 00:16:46 (10836 turns).

MTVSty1e the Severer (Minotaur Fighter)            Turns: 10836, Time: 00:16:47

Health: -3/89      AC: 14    Str: 28    XL:     11   Next: 60%
Magic:  11/12      EV:  7    Int:  5    God:    Okawaru [******]
Gold:   660        SH:  0    Dex: 11    Spells: 10/10 levels left

rFire    + . .     SeeInvis .   H - +0 executioner's axe (vamp)
rCold    . . .     Gourm    .   (shield currently unavailable)
rNeg     . . .     Faith    .   t - +0 plate armour
rPois    .         Spirit   .   (helmet restricted)
rElec    .         Reflect  .   (no cloak)
rCorr    .         Harm     .   G - +0 pair of gloves
MR       .....                  w - +0 pair of boots
Stlth    ..........             p - amulet of rage
HPRegen  0.24/turn              j - ring of protection from fire
MPRegen  0.13/turn              g - +5 ring of slaying

@: mighty
A: retaliatory headbutt, horns 2
a: Heroism, Finesse, Renounce Religion, Evoke Berserk Rage


You were on level 10 of the Dungeon.
You worshipped Okawaru.
Okawaru was exalted by your worship.
You were not hungry.

You visited 2 branches of the dungeon, and saw 11 of its levels.
You also visited: Sewer and Ossuary.

You collected 660 gold pieces.

Inventory:

Hand Weapons
 a - a +1 war axe
 H - a +0 vampiric executioner's axe (weapon)
 J - a +0 flail
Armour
 c - a +0 shield
 t - a +0 plate armour (worn)
 w - a +0 pair of boots (worn)
 G - a +0 pair of gloves (worn)
Jewellery
 g - a +5 ring of slaying (right hand)
 j - a ring of protection from fire (left hand)
 m - an uncursed amulet of guardian spirit
 p - an amulet of rage (around neck)
 F - an uncursed amulet of harm
 I - an uncursed ring of stealth {unknown}
Wands
 b - a wand of acid (7)
 d - a wand of flame (22)
 B - a wand of random effects (24)
 C - a wand of polymorph (5)
Scrolls
 i - 4 scrolls of magic mapping
 k - 7 scrolls of remove curse
 o - 3 scrolls of enchant armour
 q - a scroll of teleportation
 r - 3 scrolls of identify
 s - 4 scrolls of immolation
 y - a scroll of enchant weapon
Potions
 e - 2 potions of haste {unknown}
 h - 4 potions of brilliance
 l - 2 potions of heal wounds {unknown}
 n - 2 potions of resistance {unknown}
 u - 4 potions of berserk rage {unknown}
 v - a potion of mutation {unknown}
 x - 6 potions of curing
 z - 2 potions of ambrosia {unknown}
 A - 4 potions of flight
 D - 4 potions of lignification {unknown}
 E - 2 potions of might
Comestibles
 f - 19 rations


   Skills:
 * Level 6.3 Fighting
 * Level 19.2 Axes
 + Level 5.1 Armour
 - Level 3.6 Shields
 + Level 2.6 Invocations


You had 10 spell levels left.
You didn't know any spells.
Your spell library contained the following spells:

 Spells                   Type           Power        Failure   Level  Hunger
 Flame Tongue             Conj/Fire      #....        99%         1    ##.....
 Magic Dart               Conj           #...         99%         1    ##.....
 Blink                    Tloc           N/A          100%        2    ###....
 Call Imp                 Summ           #.......     100%        2    ###....
 Poisonous Vapours        Pois/Air       #.....       100%        2    ###....
 Slow                     Hex            #.......     100%        2    ###....
 Throw Flame              Conj/Fire      #.....       100%        2    ###....
 Conjure Flame            Conj/Fire      #.......     100%        3    ####...
 Inner Flame              Hex/Fire       #.......     100%        3    ####...
 Mephitic Cloud           Conj/Pois/Air  #.......     100%        3    ####...
 Sticky Flame             Conj/Fire      #.......     100%        4    #####..
 Fireball                 Conj/Fire      #.........   100%        5    ######.
 Freezing Cloud           Conj/Ice/Air   #.........   100%        6    #######
 Ring of Flames           Chrm/Fire      #.........   100%        7    #######


Dungeon Overview and Level Annotations

Branches:
Dungeon (10/15)            Temple (1/1) D:7           Sewer (visited)
Ossuary (visited)
   Lair: D:8-11         Orc: D:9-12

Altars:
Ashenzari
Cheibriados
Dithmenos
Elyvilon
Fedhas
Hepliaklqana
Kikubaaqudgha
Makhleb
Nemelex Xobeh
Okawaru
Ru
Trog
Uskayaw
Vehumet
Wu Jian
Xom
Yredelemnul
Zin
The Shining One


Innate Abilities, Weirdness & Mutations

You reflexively headbutt those who attack you in melee.
You have a pair of horns on your head.


Message History

The death yak gores you!
* * * LOW HITPOINT WARNING * * *
The death yak gores you but does no damage.
The death yak barely misses you.
Okay, then.
The death yak gores you but does no damage.
The death yak gores you!
* * * LOW HITPOINT WARNING * * *
Okay, then.
Okay, then.
You see here a troll corpse.
You feel like a meek peon again.
Found a ration.
You feel very mighty all of a sudden. The death yak gores you.
* * * LOW HITPOINT WARNING * * *
You slice the death yak!!
The death yak is severely wounded.
You completely miss the death yak. The death yak gores you!
You die...

.................#...# .
............†....#..#.#
................#.#..#..
.<...............###..#.
...........†....## ...
...............##
...............##
..............YY##
..............#@#
............#Y...%....
............#........
....................
...................
..................
.................
.......#.......


You could see 3 death yaks.

Vanquished Creatures
  2 two-headed ogres
  2 death yaks (D:10)
  An unseen horror (D:6)
  Pikel (D:9)
  A manticore (D:9)
  A troll (D:10)
  A hippogriff (D:7)
  Sigmund (D:5)
  A spriggan (D:9)
  A vampire (D:8)
  12 yaks
  A human (D:5)
  A water moccasin (D:9)
  9 orc warriors
  4 slaves (D:9)
  4 sky beasts
  An ice beast (D:10)
  3 ogres
  3 centaurs
  2 crocodiles (D:10)
  3 bullfrogs
  A big kobold (Sewer)
  4 elf zombies (Ossuary)
  A gnoll sergeant (D:6)
  3 scorpions
  11 killer bees (D:8)
  6 wights
  A howler monkey (D:4)
  3 crimson imps
  6 centaur zombies
  3 jellies (D:9)
  A quasit (D:9)
  5 hounds
  3 human zombies (Ossuary)
  A centaur skeleton (D:8)
  10 orc priests
  3 bullfrog skeletons
  10 orc wizards
  Terence (D:2)
  3 iguanas
  7 worker ants
  4 hound skeletons
  4 mummies
  10 gnolls
  7 adders
  6 river rats
  4 shadow imps
  An adder skeleton (D:4)
  4 worms
  3 dart slugs
  4 leopard geckos
  54 orcs
  6 bats
  4 giant cockroaches
  4 goblins
  9 hobgoblins
  6 jackals
  3 quokkas
  3 ball pythons
  7 frilled lizards
  2 goblin skeletons (D:5)
  7 kobolds
  A quokka skeleton (D:4)
  11 rats
302 creatures vanquished.

Notes
Turn   | Place    | Note
-------+----------+-------------------------------------------
     0 | D:1      | MTVSty1e the Minotaur Fighter began the quest for the Orb.
     0 | D:1      | Reached XP level 1. HP: 19/19 MP: 0/0
   124 | D:1      | Reached skill level 3 in Axes
   186 | D:1      | Reached XP level 2. HP: 24/26 MP: 1/1
   783 | D:2      | Found an ornate altar of the Wu Jian Council.
   783 | D:2      | Found a hazy altar of Hepliaklqana.
   791 | D:2      | Reached skill level 4 in Axes
   814 | D:2      | Found a blossoming altar of Fedhas.
  1020 | D:2      | Reached XP level 3. HP: 28/31 MP: 2/2
  1071 | D:2      | Found an iron altar of Okawaru.
  1085 | D:2      | Became a worshipper of Warmaster Okawaru
  1444 | D:2      | Noticed Terence
  1451 | D:2      | Killed Terence
  1451 | D:2      | Reached skill level 5 in Axes
  1451 | D:2      | Reached XP level 4. HP: 33/39 MP: 3/3
  1737 | D:3      | Reached skill level 6 in Axes
  2298 | D:4      | Reached XP level 5. HP: 21/45 MP: 4/4
  2301 | D:4      | Reached * piety under Okawaru
  2302 | D:4      | Reached skill level 7 in Axes
  2515 | D:4      | Reached XP level 6. HP: 15/51 MP: 5/5
  2958 | D:5      | Entered Level 5 of the Dungeon
  2958 | D:5      | Noticed Sigmund
  2962 | D:5      | Killed Sigmund
  2962 | D:5      | Reached skill level 8 in Axes
  3086 | D:5      | Reached skill level 9 in Axes
  3167 | D:5      | Found a glowing drain.
  3174 | D:5      | Reached XP level 7. HP: 44/57 MP: 6/6
  3181 | Sewer    | Entered a sewer
  3330 | Sewer    | Found a glowing silver altar of Zin.
  3497 | D:5      | Found a runed translucent door.
  3613 | D:5      | Noticed a human
  3621 | D:5      | Found a basalt altar of Yredelemnul.
  3640 | D:5      | Killed a human
  3640 | D:5      | Reached ** piety under Okawaru
  3640 | D:5      | Reached skill level 10 in Axes
  4311 | D:6      | Reached skill level 11 in Axes
  4320 | D:6      | Reached XP level 8. HP: 19/64 MP: 7/7
  4907 | D:6      | Reached skill level 12 in Axes
  5127 | D:6      | Killed an unseen horror
  5127 | D:6      | Reached *** piety under Okawaru
  5127 | D:6      | Reached skill level 13 in Axes
  5132 | D:6      | Reached XP level 9. HP: 21/70 MP: 8/8
  5319 | D:6      | Reached skill level 14 in Axes
  5804 | D:6      | Found a shadowy altar of Dithmenos.
  5905 | D:7      | Found a staircase to the Ecumenical Temple.
  5953 | Temple   | Entered the Ecumenical Temple
  6082 | D:7      | Reached **** piety under Okawaru
  6234 | D:7      | Received a gift from Okawaru
  6234 | D:7      | Reached skill level 15 in Axes
  6718 | D:8      | Noticed a two-headed ogre
  6737 | D:8      | Found a sand-covered staircase.
  6743 | Ossuary  | Entered an ossuary
  7257 | Ossuary  | Reached skill level 16 in Axes
  7333 | D:8      | Reached XP level 10. HP: 52/77 MP: 6/9
  7896 | D:8      | Killed a two-headed ogre
  7896 | D:8      | Reached ***** piety under Okawaru
  7896 | D:8      | Reached skill level 17 in Axes
  9031 | D:9      | Noticed a manticore
  9046 | D:9      | Killed a manticore
  9046 | D:9      | Reached skill level 18 in Axes
  9358 | D:9      | Noticed Pikel
  9368 | D:9      | Killed Pikel
  9368 | D:9      | Received a gift from Okawaru
  9717 | D:9      | Reached XP level 11. HP: 67/82 MP: 10/10
 10190 | D:10     | Entered Level 10 of the Dungeon
 10190 | D:10     | Noticed a death yak
 10190 | D:10     | Noticed a death yak
 10190 | D:10     | Noticed a death yak
 10190 | D:10     | Noticed a death yak
 10191 | D:10     | Noticed a two-headed ogre
 10193 | D:10     | Noticed a death yak
 10380 | D:10     | Reached skill level 1 in Invocations
 10385 | D:10     | Killed a two-headed ogre
 10385 | D:10     | Reached skill level 5 in Fighting
 10386 | D:10     | Reached skill level 19 in Axes
 10689 | D:10     | Reached ****** piety under Okawaru
 10720 | D:10     | Received a gift from Okawaru
 10809 | D:10     | Noticed a death yak
 10819 | D:10     | Killed a death yak
 10821 | D:10     | Killed a death yak
 10821 | D:10     | Reached skill level 5 in Armour
 10836 | D:10     | Slain by a death yak

Levels and vault maps discovered:
D:1:      tarquinn_simple_flora_water_f, layout_rooms,
          chequers_serial_rivers_room_a
D:2:      layout_loops_ring, fedhas_altar_1,
          chequers_temple_overflow_statue_of_worship, okawaru_altar_gauntlet_db,
          uniq_terence
D:3:      layout_loops_cross
D:4:      layout_cave_pools
D:5:      layout_loops_ring, first_ration, lightli_sewer_entry_pipes,
          dk_yredelemnul_ordeal, uniq_sigmund
D:6:      minmay_razor_zed, layout_loops_ring, marbit_many_paths
D:7:      layout_cave_pools, minmay_temple_entry_wispy
D:8:      layout_rooms, gup_ossuary_entry_pyramid
D:9:      layout_irregular_city, serial_bayou_pond_a, the_bakery, uniq_pikel
D:10:     layout_big_octagon, dpeg_lair_monsters
Temple:   regret_index_temple_mists

Skill      XL: |  1  2  3  4  5  6  7  8  9 10 11 |
---------------+----------------------------------+-----
Axes           | 3 4 5 6 7 9 11 13 16 18 19 | 19.2
Fighting       | 6 |  6.3
Armour         | 5 |  5.1
Invocations    | 2 |  2.6
Shields        | |  3.6

Action                   |  1- 3 |  4- 6 |  7- 9 | 10-12 || total
-------------------------+-------+-------+-------+-------++-------
Melee: War axe           |    88 |   137 |   273 |   197 ||   695
       Headbutt          |     7 |    12 |    55 |    50 ||   124
       Executioner's axe |       |       |       |    62 ||    62
Invok: Heroism           |       |       |     2 |     5 ||     7
  Use: Scroll            |     1 |     6 |    12 |       ||    19
       Potion            |       |     2 |     1 |     2 ||     5
  Eat: Chunk             |     1 |     3 |     4 |     1 ||     9
       Ration            |       |     1 |     3 |     3 ||     7
Armor: Scale mail        |    35 |    40 |    24 |       ||    99
       Plate armour      |       |       |    96 |   135 ||   231
Dodge: Dodged            |    27 |    39 |    43 |    41 ||   150
Block: Shield            |    46 |    66 |   115 |    77 ||   304
